 Dungeon Crawl Stone Soup version 0.29.1-13-g9f3cf754e1 (webtiles) character file.

Game seed: 932409665923804599

87 croobank the Sneak (level 4, 0/31 HPs)
             Began as an Octopode Delver on Feb 8, 2023.
             Was an Initiate of Sif Muna.
             Slain by a worm (11 damage)
             ... on level 4 of the Dungeon.
             The game lasted 00:03:01 (1148 turns).

croobank the Sneak (Octopode Delver)                Turns: 1148, Time: 00:03:01

Health: 0/31       AC:  1    Str: 11    XL:     4   Next: 51%
Magic:  4/4        EV: 13    Int: 14    God:    Sif Muna [......]
Gold:   21         SH:  0    Dex: 13    Spells: 3/3 levels left

rFire   . . .      SeeInvis .   i - +0 lajatang
rCold   . . .      Faith    .   (shield currently unavailable)
rNeg    . . .      Spirit   .   (helmet restricted)
rPois   .          Reflect  .   (no amulet)
rElec   .          Harm     .   (no ring)
rCorr   .          Rampage  .   (no ring)
Will    .....                   (no ring)
Stlth   ++++......              (no ring)
HPRegen 0.10/turn               (no ring)
MPRegen 0.09/turn               (no ring)
                                (no ring)
                                (no ring)

@: no status effects
A: almost no armour, amphibious, 8 rings, camouflage 1, gelatinous body 1,
(nimble swimmer 1), tentacles
a: Renounce Religion


You were on level 4 of the Dungeon.
You worshipped Sif Muna.
Sif Muna was noncommittal.
You visited 1 branch of the dungeon, and saw 4 of its levels.

You collected 21 gold pieces.

Inventory:

Hand Weapons
 i - a +0 lajatang (weapon)
 o - a +1 war axe of electrocution
Missiles
 h - 6 atropa-tipped darts
 l - 3 poisoned darts
 n - a throwing net (quivered)
Wands
 f - a wand of digging (3)
Scrolls
 b - a scroll of fog
 c - a scroll of magic mapping
 d - 4 scrolls of fear
 g - a scroll of blinking {unknown}
 j - a scroll of summoning {unknown}
 m - a scroll of identify {unknown}
Potions
 e - a potion of haste
 k - 3 potions of mutation {unknown}


   Skills:
 - Level 3.0 Fighting
 - Level 2.0 Axes
 + Level 4.0 Staves
 - Level 2.0 Dodging
 - Level 6.6 Stealth


You had 3 spell levels left.
You didn't know any spells.
Your spell library was empty.

Dungeon Overview and Level Annotations

Branches:
Dungeon (7/15)
 Temple: D:4-7

Altars:
Sif Muna
Vehumet

Annotations:
D:4 Menkaure


Innate Abilities, Weirdness & Mutations

You cannot wear most types of armour.
You are amphibious.
You can wear up to eight rings at the same time.
Your skin changes colour to match your surroundings (Stealth+).
Your rubbery body absorbs attacks. (AC +1, EV +1)
((You are camouflaged when in or above water. (Stealth+)))
You have tentacles for arms and can constrict up to eight enemies at once.


Message History

You start resting.
HP restored.
h - 6 atropa-tipped darts (gained 1)
A worm comes into view.
The helpless worm fails to defend itself.
You slash the worm! You grab the worm.
The worm is severely wounded.
You constrict the worm. You slash the worm!
You kill the worm!
Sif Muna accepts your kill.
You see here a worm corpse.
A dart slug comes into view.
Found a great sword and a dagger.
Menkaure, Prince of Dust comes into view.
Found a stone staircase leading up.
Menkaure shouts!
A worm comes into view.
The dart slug closely misses you.
You slash the dart slug! You grab the dart slug. You squeeze the dart slug.
The dart slug is almost dead.
You constrict the dart slug.
You kill the dart slug!
Sif Muna accepts your kill.
Your Staves skill increases to level 4!
You slash the worm! You grab the worm.
The worm is severely wounded.
You constrict the worm. The worm closely misses you.
You hit the worm but do no damage. You squeeze the worm.
The worm is almost dead.
You constrict the worm.
You release your grip on the worm.
Menkaure casts a spell at you.
You barely resist. You slash Menkaure! You grab Menkaure.
Menkaure is heavily damaged.
You constrict Menkaure. Menkaure hits you!!
Ouch! That really hurt!
The worm bites you!
You die...

.............
........... ##..........
........... #.........
#. ......
#.##..#.####...
##..#.##w)....P#
......M@..###..#
##########.#.#.......#
###...............######
#...########...##.#
#.### ###.##.# #.#
...... ..# #.#..... .###
#< .#.## ..†## .. .#)#


You could see Menkaure and a worm.

Vanquished Creatures
  2 iguanas
  2 adders (D:5)
  A worm (D:4)
  A dart slug (D:4)
  6 orcs (D:4)
12 creatures vanquished.

Vanquished Creatures (others)
  A fungus (D:6)
1 creature vanquished.

Grand Total: 13 creatures vanquished

Notes
Turn   | Place    | Note
-------+----------+-------------------------------------------
     0 | D:5      | croobank the Octopode Delver began the quest for the Orb.
     0 | D:5      | Reached XP level 1. HP: 16/16 MP: 1/1
   242 | D:5      | Found a shimmering blue altar of Sif Muna.
   249 | D:5      | Became a worshipper of Sif Muna the Loreminder
   258 | D:5      | Found a radiant altar of Vehumet.
   258 | D:5      | Noticed a jelly
   288 | D:5      | Reached skill level 1 in Staves
   288 | D:5      | Reached XP level 2. HP: 17/21 MP: 2/2
   314 | D:5      | Reached XP level 3. HP: 15/26 MP: 3/3
   455 | D:4      | Reached XP level 4. HP: 31/31 MP: 4/4
   472 | D:4      | You fall into a shaft and drop 2 floors!
  1138 | D:4      | Noticed Menkaure
  1148 | D:4      | Slain by a worm

Illustrated notes

Levels and vault maps discovered:
D:4:      layout_rooms, gammafunk_temple_overflow_statue,
          minmay_temple_entry_gardened_gates, uniq_menkaure
D:5:      layout_basic, mainiacjoe_overflow_alcove_1,
          nicolae_vehumet_altar_sigil, uniq_blork_the_orc
D:6:      layout_basic, mainiacjoe_overflow_big_doors
D:7:      layout_basic, kennysheep_cross_room

Skill      XL: |  1  2  3  4 |
---------------+-------------+-----
Staves         | 1 3 4 |  4.0
Fighting       | |  3.0
Axes           | |  2.0
Dodging        | |  2.0
Stealth        | |  6.6

Action                   |  1- 3 |  4- 6 || total
-------------------------+-------+-------++-------
Melee: Lajatang          |     6 |    17 ||    23
       Constrict         |     3 |     6 ||     9
       Tentacles         |     2 |     3 ||     5
Throw: Dart              |       |     1 ||     1
       Throwing net      |       |     1 ||     1
 Stab: Sleeping          |     1 |     1 ||     2
       Invisible         |       |     1 ||     1
Dodge: Dodged            |     3 |     9 ||    12
